 Dungeon Crawl Stone Soup version 0.28.0-45-g0d030f2227 (webtiles) character file.

Game seed: 10333250826383896165

137 rocky1 the Poker (level 5, -1/38 HPs)
             Began as a Merfolk Gladiator on Apr 8, 2022.
             Was a Plaything of Xom.
             Slain by a river rat (4 damage)
             ... in a sewer.
             The game lasted 00:08:32 (2756 turns).

rocky1 the Poker (Merfolk Gladiator)                Turns: 2756, Time: 00:08:33

Health: -1/38      AC:  4    Str: 14    XL:     5   Next: 20%
Magic:  5/5        EV: 13    Int:  7    God:    Xom [...*..]
Gold:   164        SH:  0    Dex: 18    Spells: 4/4 levels left

rFire   . . .      SeeInvis .   a - +0 trident
rCold   . . .      Faith    .   (no shield)
rNeg    . . .      Spirit   .   b - +0 leather armour
rPois   .          Reflect  .   c - +0 helmet
rElec   .          Harm     .   (no cloak)
rCorr   .          Rampage  .   (no gloves)
Will    .....                   (no boots)
Stlth   ++........              (no amulet)
HPRegen 0.12/turn               (no ring)
MPRegen 0.09/turn               (no ring)

@: brilliant
A: (nimble swimmer 2), mertail
a: Renounce Religion


You were in a sewer.
You worshipped Xom.
You were a favourite toy of Xom.
You visited 1 branch of the dungeon, and saw 3 of its levels.
You also visited: Sewer.

You collected 164 gold pieces.

Inventory:

Hand Weapons
 a - a +0 trident (weapon)
Missiles
 d - 3 throwing nets (quivered)
Armour
 b - a +0 leather armour (worn)
 c - a +0 helmet (worn)
 k - a +1 chain mail of cold resistance
Jewellery
 i - an amulet of magic regeneration
 n - an amulet of regeneration
Scrolls
 f - a scroll of teleportation {unknown}
 g - a scroll of magic mapping {unknown}
 j - 2 scrolls of fog {unknown}
 l - 2 scrolls of blinking {unknown}
 p - a scroll of identify {unknown}
 q - 2 scrolls of enchant weapon {unknown}
Potions
 e - a potion of resistance {unknown}
 h - a potion of curing {unknown}
 o - 5 potions of flight


   Skills:
 - Level 2.1 Fighting
 + Level 7.6 Polearms
 - Level 2.0 Throwing
 + Level 1.0 Armour
 - Level 4.0 Dodging
 + Level 1.4 Stealth


You had 4 spell levels left.
You didn't know any spells.
Your spell library was empty.

Dungeon Overview and Level Annotations

Branches:
Dungeon (3/15)              Sewer (1/1)

Altars:
Fedhas
Xom


Innate Abilities, Weirdness & Mutations

((You are very nimble when in or above water. (Stealth+, EV+, Speed+++)))
Your lower body shifts to a powerful aquatic tail in water.


Message History

You completely miss the river rat. You tail-slap the river rat.
The river rat is almost dead.
The river rat completely misses you.
Unknown command.
You barely miss the river rat.
The river rat is almost dead.
The river rat barely misses you. x2
Unknown command.
You closely miss the river rat. The river rat misses you.
You barely miss the river rat.
The river rat is almost dead.
The river rat bites you but does no damage.
The river rat bites you.
* * * LOW HITPOINT WARNING * * *
The river rat closely misses you.
Unknown command.
Your legs become a tail as you enter the water.
You closely miss the river rat.
Your tail-slap misses the river rat.
The river rat misses you.
You hit the river rat.
The river rat is moderately wounded.
The river rat barely misses you. The river rat bites you.
* * * LOW HITPOINT WARNING * * *
Unknown command.
Okay, then.
Okay, then.
You are too injured to fight recklessly!
You hit the river rat but do no damage.
The river rat is moderately wounded.
Your iron imp closely misses the river rat.
The river rat bites you.
* * * LOW HITPOINT WARNING * * *
Xom is interested.
The river rat closely misses you.
It was a potion of brilliance.
You feel clever all of a sudden.
Xom is mildly amused.
The river rat bites you.
You die...

#≈≈≈# #.....≈#≈≈≈# #≈≈≈#
#......#≈≈≈# #≈≈≈#
#...#..≈≈≈≈# #≈≈≈#
#...#≈..≈≈≈# #≈≈≈#
#..###≈††≈≈# #≈≈≈# ##.#
#≈.≈≈≈# #≈≈≈# ###
##≈≈≈≈#
#≈≈≈###############.≈≈≈#
#≈≈≈≈≈≈≈.≈rr@≈≈≈≈÷≈≈≈≈≈#
#≈≈≈≈≈≈≈≈≈≈≈r≈≈≈≈÷≈≈≈≈≈#
#≈≈≈≈≈≈≈≈≈5≈≈≈≈.≈≈≈≈≈≈≈#
#≈≈≈####≈≈####≈≈≈###≈≈≈#
#≈≈.# #≈≈# #≈≈.# #≈≈≈#
#≈≈.# #≈.# #≈≈≈# #≈≈≈#
#≈≈.## #..# #≈≈.# #≈≈≈#
#≈≈.##.#..# #≈≈≈# #≈≈≈#
#≈≈≈##.'..+ #.≈≈# #≈≈≈#


You could see 3 river rats and a friendly iron imp (summoned).

Vanquished Creatures
  5 adders
  2 river rats (Sewer)
  3 worms
  3 orcs (D:3)
  8 ball pythons
  8 endoplasms
  A giant cockroach (D:1)
  2 goblins (D:3)
  4 hobgoblins
  6 jackals
  2 quokkas
  6 bats
  5 frilled lizards
  4 kobolds
  6 rats (D:1)
65 creatures vanquished.

Vanquished Creatures (others)
  A plant (D:2)
  4 toadstools (D:1)
5 creatures vanquished.

Grand Total: 70 creatures vanquished

Notes
Turn   | Place    | Note
-------+----------+-------------------------------------------
     0 | D:1      | rocky1 the Merfolk Gladiator began the quest for the Orb.
     0 | D:1      | Reached XP level 1. HP: 16/16 MP: 1/1
   216 | D:1      | Reached skill level 5 in Polearms
   225 | D:1      | Reached XP level 2. HP: 22/22 MP: 2/2
   898 | D:1      | Found a faded altar of an unknown god.
   907 | D:1      | Prayed at the altar of an unknown god.
   907 | D:1      | Became a worshipper of Xom of Many Doors
   995 | D:2      | Reached skill level 6 in Polearms
   995 | D:2      | Reached XP level 3. HP: 24/27 MP: 3/3
  1076 | D:2      | XOM: divination: detect items
  1236 | D:2      | Found a blossoming altar of Fedhas.
  1960 | D:3      | XOM: stat loss: -1 Str (13/14)
  2083 | D:3      | Reached XP level 4. HP: 26/33 MP: 4/4
  2123 | D:3      | Reached skill level 7 in Polearms
  2148 | D:3      | Found a glowing drain.
  2158 | Sewer    | Entered a sewer
  2383 | Sewer    | XOM: 5-stop teleportation journey
  2388 | Sewer    | Reached skill level 1 in Stealth
  2487 | Sewer    | Reached XP level 5. HP: 38/38 MP: 5/5
  2497 | Sewer    | Reached skill level 1 in Armour
  2546 | Sewer    | XOM: 2-stop teleportation journey
  2736 | Sewer    | XOM: summons friendly iron imp
  2756 | Sewer    | Slain by a river rat

Illustrated notes

Levels and vault maps discovered:
D:1:      ldierk_walled_garden_2, layout_loops_corners,
          shapermc_ecumenical_altar_notcrosses, minmay_pentomino_s4
D:2:      layout_loops_ring, basic_altar, serial_bayou_pond_a,
          minmay_misc_feat_plants
D:3:      minmay_diamond_boxcup, layout_rooms, cheibrodos_sewer_entry_sluice
Sewer:    sewer_fruit_machine

Skill      XL: |  1  2  3  4  5 |
---------------+----------------+-----
Polearms       | 5 6 7 |  7.6
Stealth        | 1 |  1.4
Armour         | 1 |  1.0
Fighting       | |  2.1
Throwing       | |  2.0
Dodging        | |  4.0

Action                   |  1- 3 |  4- 6 || total
-------------------------+-------+-------++-------
Melee: Trident           |    85 |   105 ||   190
       Tailslap          |       |     7 ||     7
       Punch             |       |     2 ||     2
  Use: Potion            |       |     1 ||     1
 Stab: Sleeping          |     2 |     6 ||     8
       Distracted        |       |     1 ||     1
Armor: Leather armour    |     9 |    22 ||    31
Dodge: Dodged            |    40 |    84 ||   124
